Cogmind - Beta 15 @@@ ROGUE MODE // 2025.09.15 @ 22:37:47 Player: Lillith Result: Self-destructed Performance ------------- Evolutions (5) 2500 Regions Visited (6) 1200 Robots Destroyed (22) 110 Value Destroyed (740) 740 Prototype IDs (14) 280 Alien Tech Used (0) 0 Bonus (800) 800 TOTAL SCORE: 5630 Bonus ------- Registered with UFD 300 Met Optimus in HQ 500 Cogmind --------- Core Integrity 115/1000 Matter 290/300 Energy 455/455 System Corruption 2% Temperature Cool (0) Movement Hovering (160) Ox2 Location -5/Factory Parts ------- > --- POWER (3) -------- Light Ion Engine Improved Ion Engine Improved Ion Engine > --- PROPULSION (5) --- Gravmag Array > --- UTILITY (6) ------ Large Storage Unit Improved Heavy Armor Plating System Shield > --- WEAPON (3) ------- Companion Sword > --- INVENTORY (15) --- Flexi-carbon Leg Enhanced Flexi-carbon Leg Enhanced Flexi-carbon Leg Enhanced Flexi-carbon Leg Gravmag Array Cryofiber Web Improved Cooling System Experimental Sensor Array ECM Suite Phase Shifter Hardlight Generator Hacking Suite Long-range Tractor Beam Shock Bomb Launcher Peak State ------------ > --- POWER ------------ Fission Core Light Fission Core > --- PROPULSION ------- Enhanced Flexi-carbon Leg Enhanced Flexi-carbon Leg Enhanced Flexi-carbon Leg Enhanced Flexi-carbon Leg Improved Thunder Leg > --- UTILITY ---------- Power Amplifier Large Storage Unit Microactuators Phase Shifter Hardened Medium Armor Plating Hacking Suite > --- WEAPON ----------- Improved Datajack Companion Sword > --- INVENTORY -------- Flexi-carbon Leg Flexi-carbon Leg Cryofiber Web Improved Cooling System Medium Matter Pod Experimental Sensor Array ECM Suite Hardlight Generator Shield Generator System Shield Long-range Tractor Beam Heavy Linear Accelerator Compact Linear Accelerator Shock Bomb Launcher [Rating: 83] Favorites ----------- Power Fission Core Engine Light Ion Engine Power Core Fission Core Propulsion Wheel Treads Light Treads Leg Enhanced Flexi-carbon Leg Wheel Wheel Hover Unit Gravmag Array Flight Unit Cesium-ion Thruster Utility Huge Storage Unit Device Particle Charger Storage Huge Storage Unit Hackware Hacking Suite Protection Hardened Medium Armor Plating Weapon Beam Cannon Energy Gun EM Pulse Gun Energy Cannon Beam Cannon Ballistic Gun Light Assault Rifle Ballistic Cannon Gauss Cannon Slashing Weapon Companion Sword Special Melee Weapon Improved Datajack Build | -11 -10 -10 -7 -5 -5 -5 ------- Run | Yrd Mat Sub Scr Fac Was Fac Slots Evolved 10 | . . . . 10 . . Power 2 | . . . . 2 . . Propulsion 3 | . . . . 3 . . Utility 4 | . . . . 4 . . Weapon 1 | . . . . 1 . . Parts Attached 55 | 7 1 1 9 12 1 24 Power 14 | 1 . . 1 2 . 10 Engine 9 | 1 . . . . . 8 Core 5 | . . . 1 2 . 2 Reactor . | . . . . . . . Propulsion 16 | 2 . . 1 4 1 8 Treads 1 | 1 . . . . . . Leg 8 | . . . . 2 1 5 Wheel 3 | 1 . . 1 1 . . Hover 3 | . . . . . . 3 Flight 1 | . . . . 1 . . Utility 17 | 2 . . 4 6 . 5 Device 7 | 1 . . 1 3 . 2 Storage 3 | 1 . . 2 . . . Processor . | . . . . . . . Hackware 2 | . . . 1 . . 1 Protection 5 | . . . . 3 . 2 Artifact . | . . . . . . . Weapon 8 | 2 1 1 3 . . 1 Energy Gun 2 | 2 . . . . . . Energy Cannon 1 | . 1 . . . . . Ballistic Gun 1 | . . 1 . . . . Ballistic Cannon 1 | . . . 1 . . . Launcher . | . . . . . . . Special Weapon . | . . . . . . . Impact Weapon . | . . . . . . . Slashing Weapon 1 | . . . 1 . . . Piercing Weapon . | . . . . . . . Special Melee Weapon 2 | . . . 1 . . 1 Unidentified Prototypes 2 | . . . 1 . . 1 Parts Lost 28 | . . 1 . 9 . 18 Power 11 | . . . . 2 . 9 Propulsion 7 | . . . . 4 . 3 Utility 9 | . . 1 . 2 . 6 Weapon 1 | . . . . 1 . . Highest Loss Streak 9 | . . 1 . 9 . 6 To Critical Strikes . | . . . . . . . Average Backups 17 | 4 7 8 22 8 9 13 Power 1 | . 1 1 2 . . . Propulsion 3 | 3 3 3 3 . . 2 Utility 9 | . 1 2 12 7 8 8 Weapon 2 | 1 2 1 2 1 1 2 Tool/Special . | . . . . . . . Unused Backups 22 | 1 2 . 7 . . 12 Power 1 | . . . 1 . . . Propulsion 5 | 1 1 . 1 . . 2 Utility 11 | . 1 . 3 . . 7 Weapon 5 | . . . 2 . . 3 Tool/Special . | . . . . . . . Average Slot Usage (%) 85 | . 100 99 99 70 64 57 Engine 3 | . 14 14 3 1 . 3 Core 7 | . . . 10 9 11 3 Treads 1 | . 14 14 . . . . Leg 5 | . . . . 5 11 19 Wheel 17 | . 14 14 27 7 . . Device 11 | . 14 13 12 12 17 6 Storage 10 | . 14 14 14 5 5 5 Hackware 2 | . . . 1 5 5 5 Energy Gun 1 | . 18 5 . . . . Energy Cannon 8 | . 9 14 12 . . . Ballistic Gun 2 | . . 8 3 . . . Ballistic Cannon 5 | . . . 9 . . . Slashing Weapon 2 | . . . 1 5 5 5 Special Melee Weapon 1 | . . . 1 2 . 2 Peak Build Rating 83 | 8 7 7 22 50 60 83 Average Rating 28 | 5 7 6 19 44 52 54 On Entrance 21 | . 8 7 6 22 50 60 Naked Turns . | . . . . . . . Heaviest Build 103 | 12 14 14 103 58 53 56 Greatest Support 140 | 20 10 10 20 40 68 140 Greatest Overweight (x) 5 | 1 1 1 5 5 1 2 Average Overweight (x) 2 | . 1 1 4 1 . . Largest Inventory Capacity 25 | 8 8 8 25 15 15 15 Average Capacity 19 | 7 8 8 24 15 15 15 Most Carried 25 | 8 8 8 25 14 12 15 Average Carried 17 | 5 7 7 22 8 10 14 Final Capacity 15 | 8 8 8 15 15 15 15 Final Carried 15 | 8 8 8 15 9 12 15 Class Distribution -------------------- 87% | Mutant 10% | Scavenger-Mutant Dominant Class ---------------- Mutant | -10/Materials Mutant | -10/Subcaves Mutant | -7/Scraptown Mutant | -5/Factory Scavenger-Mutant | -5/Waste Mutant | -5/Factory Resources | -11 -10 -10 -7 -5 -5 -5 ----------- Run | Yrd Mat Sub Scr Fac Was Fac Matter Collected 773 | 257 . 75 90 70 71 210 Remotely . | . . . . . . . Salvage Created 1242 | 30 . 75 . 70 . 1067 Parts 58 | 5 . 2 . 5 . 46 Haulers Intercepted . | . . . . . . . Recyclers Shooed 1 | 1 . . . . . . Parts Field Recycled . | . . . . . . . Retrieved Matter . | . . . . . . . Parts Self-Destructed 6 | . . 6 . . . . Prevented . | . . . . . . . Kills | -11 -10 -10 -7 -5 -5 -5 ------- Run | Yrd Mat Sub Scr Fac Was Fac Combat Hostiles Destroyed 14 | . . 2 . 1 . 11 Melee 12 | . . . . 1 . 11 Cannons 2 | . . 2 . . . . Classes Destroyed 10 | 1 . 2 . 1 . 6 Worker 2 | . . . . . . 2 Builder 1 | . . . . . . 1 Tunneler 2 | 1 . . . . . 1 Recycler 3 | . . . . . . 3 Swarmer 3 | . . 1 . . . 2 Grunt 5 | . . . . . . 5 Brawler 1 | . . . . . . 1 Sentry 2 | . . 1 . . . 1 Hunter 1 | . . . . 1 . . Programmer 2 | . . . . . . 2 Best Kill Streak 6 | 1 . 2 . 1 . 6 Combat Bots Only 3 | . . 2 . 1 . 3 Max Kills in Single Turn 1 | 1 . 1 . 1 . 1 Gunslinging . | . . . . . . . Exploded . | . . . . . . . Melee 1 | . . . . 1 . 1 Uniques/NPCs Destroyed . | . . . . . . . Combat | -11 -10 -10 -7 -5 -5 -5 -------- Run | Yrd Mat Sub Scr Fac Was Fac Hostile Shots Fired 239 | . . 4 . 54 . 181 Missed 53 | . . . . 9 . 44 Hits 186 | . . 4 . 45 . 137 Melee 5 | . . . . . . 5 Projectile 181 | . . 4 . 45 . 132 AOE 3 | . . . . 2 . 1 Critical Strikes 4 | . . 1 . . . 3 Damage Taken 3655 | . . 77 . 918 6 2654 Core 885 | . . . . 132 6 747 Absorbed by Shields 90 | . . . . . . 90 Core Remaining (%) 100 | 100 . . 100 . . . Volleys Fired 5 | 2 . 3 . . . . Largest 2 | 2 . 2 . . . . Hottest 80 | 80 . 80 . . . . Shots Fired 10 | 4 . 6 . . . . Gun 7 | 4 . 3 . . . . Cannon 3 | . . 3 . . . . Launcher . | . . . . . . . Special . | . . . . . . . Kinetic 3 | . . 3 . . . . Thermal 5 | 2 . 3 . . . . Explosive . | . . . . . . . Electromagnetic 2 | 2 . . . . . . Robot Hit Streak 5 | 3 . 5 . . . . Robot Miss Streak 1 | . . 1 . . . . Penetration Max . | . . . . . . . Secondary Targets . | . . . . . . . Shots Hit Robots 84 | 3 . 5 . 9 8 59 Core Hits 27 | 1 . 3 . 3 . 20 Critical Kills . | . . . . . . . Critical Parts Destroyed . | . . . . . . . Critical Strikes . | . . . . . . . Melee Attacks 96 | . . . . 13 8 75 Impact . | . . . . . . . Slashing 96 | . . . . 13 8 75 Piercing . | . . . . . . . Sneak Attacks 10 | . . . . 3 . 7 Combat Hostiles 2 | . . . . 2 . . Follow-up Attacks 2 | . . . . . . 2 Damage Inflicted 3498 | 38 . 69 . 430 287 2674 Guns 55 | 38 . 17 . . . . Cannons 52 | . . 52 . . . . Explosions . | . . . . . . . Melee 3391 | . . . . 430 287 2674 Ramming . | . . . . . . . Kinetic 17 | . . 17 . . . . Thermal 62 | 10 . 52 . . . . Explosive . | . . . . . . . Electromagnetic 28 | 28 . . . . . . Impact . | . . . . . . . Slashing 3391 | . . . . 430 287 2674 Piercing . | . . . . . . . Highest Corruption 2 | . . . . . . 2 Average Corruption 1 | . . . . . . 1 Corruption Purged . | . . . . . . . Corruption Blocked . | . . . . . . . Effects 2 | . . . . . . 2 Matter Fused 1 | . . . . . . 1 Data Loss (minor) 1 | . . . . . . 1 Overload Shots . | . . . . . . . Overflow Damage 360 | . . . . 25 . 335 Projectiles . | . . . . . . . Explosions . | . . . . . . . Melee 360 | . . . . 25 . 335 Knockbacks . | . . . . . . . Impact . | . . . . . . . Kinetic . | . . . . . . . Secondary . | . . . . . . . Self-Inflicted Damage . | . . . . . . . Shots . | . . . . . . . Rammed . | . . . . . . . Targets Rammed . | . . . . . . . Kicked . | . . . . . . . Crushed . | . . . . . . . Highest Temperature 18 | 18 . . . . . 2 Average Temperature 9 | 12 . . . . . 1 Received Heat Transfer 643 | . . . . . . 643 Siege Activations . | . . . . . . . Martial Activations . | . . . . . . . Shielding Activations . | . . . . . . . Robots Disrupted 1 | . . . . 1 . . Combat Hostiles 1 | . . . . 1 . . Robots Corrupted . | . . . . . . . Combat Hostiles . | . . . . . . . Parts Fried . | . . . . . . . Impact Corruptions . | . . . . . . . Robots Melted . | . . . . . . . Combat Hostiles . | . . . . . . . Parts Melted . | . . . . . . . Heat Transferred 136 | 25 . 111 . . . . Parts Sabotaged . | . . . . . . . Parts Stolen . | . . . . . . . Parts Stripped . | . . . . . . . Power Chain Reactions . | . . . . . . . Alert | -11 -10 -10 -7 -5 -5 -5 ------- Run | Yrd Mat Sub Scr Fac Was Fac Maximum Alert Level . | . . . . . . . Low Security (%) 100 | 100 100 . . 100 100 100 Level 1 . | . . . . . . . Level 2 . | . . . . . . . Level 3 . | . . . . . . . Level 4 . | . . . . . . . Level 5 . | . . . . . . . High Security . | . . . . . . . Max Security . | . . . . . . . Peak Influence 44 | 5 . . . 30 . 44 Initial . | . . . . . . . Average 6 | . . . . 3 . 9 Influence Increases 374 | 5 . 40 . 30 . 299 Destroy 0b10 Robot/C 280 | . . 40 . 20 . 220 Destroy 0b10 Robot/NC 40 | 5 . . . . . 35 Destroy Leader 50 | . . . . 10 . 40 Successful Hack 4 | . . . . . . 4 Influence Decreases 348 | 5 . 40 . 30 . 273 Time Decay 261 | 5 . 40 . 30 . 186 Lost Part 87 | . . . . . . 87 Squads Dispatched 2 | . . . . . . 2 Investigation . | . . . . . . . Extermination 1 | . . . . . . 1 Reinforcement 1 | . . . . . . 1 Assault . | . . . . . . . Garrison . | . . . . . . . Intercept . | . . . . . . . Searches Triggered . | . . . . . . . Construction Impeded . | . . . . . . . Haulers Reinforced . | . . . . . . . Active Scanning Responses . | . . . . . . . Cargo Convoy Interrupts . | . . . . . . . Stealth | -11 -10 -10 -7 -5 -5 -5 --------- Run | Yrd Mat Sub Scr Fac Was Fac Distress Signals . | . . . . . . . Communications Jammed . | . . . . . . . Distress Signals . | . . . . . . . Times Spotted 20 | . . 2 . 2 . 16 Peak Tracking Total 5 | . . 2 . 2 . 5 Tactical Retreats . | . . . . . . . Traps | -11 -10 -10 -7 -5 -5 -5 ------- Run | Yrd Mat Sub Scr Fac Was Fac Traps Triggered 2 | . . 1 . 1 . . Indirectly . | . . . . . . . Trap Hack Attempts . | . . . . . . . Triggered . | . . . . . . . Disarmed . | . . . . . . . Reprogrammed . | . . . . . . . Reused . | . . . . . . . Traps Extracted . | . . . . . . . Installed . | . . . . . . . Triggered . | . . . . . . . Machines | -11 -10 -10 -7 -5 -5 -5 ---------- Run | Yrd Mat Sub Scr Fac Was Fac Machines Disabled . | . . . . . . . Max in Single Turn . | . . . . . . . Garrison Access 1 | . . . . . . 1 Machines Repaired . | . . . . . . . Machines Dismantled . | . . . . . . . Machines Sabotaged . | . . . . . . . Overloaded Fab Kills . | . . . . . . . Hacking | -11 -10 -10 -7 -5 -5 -5 --------- Run | Yrd Mat Sub Scr Fac Was Fac Machines Accessed 7 | . . . 3 . . 4 Terminals 2 | . . . . . . 2 Fabricators . | . . . . . . . Repair Stations . | . . . . . . . Recycling Units . | . . . . . . . Scanalyzers 1 | . . . . . . 1 Garrison Access 1 | . . . . . . 1 Total Hacks 13 | . . . 6 . . 7 Successful 8 | . . . 6 . . 2 Failed 5 | . . . . . . 5 Catastrophic 1 | . . . . . . 1 Database Lockouts . | . . . . . . . Manual . | . . . . . . . Terminals 4 | . . . . . . 4 Fabricators . | . . . . . . . Repair Stations . | . . . . . . . Recycling Units . | . . . . . . . Scanalyzers 2 | . . . . . . 2 Garrison Access 1 | . . . . . . 1 Terminal Hacks 7 | . . . 6 . . 1 Record 4 | . . . 4 . . . Open Door 1 | . . . 1 . . . Open DSF 1 | . . . . . . 1 Proto ID Catalog 1 | . . . 1 . . . Fabricator Hacks . | . . . . . . . Repair Station Hacks . | . . . . . . . Recycling Unit Hacks . | . . . . . . . Scanalyzer . | . . . . . . . Garrison Access Hacks 1 | . . . . . . 1 Seal Access 1 | . . . . . . 1 Unauthorized Hacks . | . . . . . . . Terminals . | . . . . . . . Fabricators . | . . . . . . . Repair Stations . | . . . . . . . Recycling Units . | . . . . . . . Scanalyzers . | . . . . . . . Garrison Access . | . . . . . . . Data Cores Recovered . | . . . . . . . Used . | . . . . . . . Hacking Detections 3 | . . . . . . 3 Full Trace Events . | . . . . . . . Feedback Events . | . . . . . . . Feedback Blocked . | . . . . . . . Robot Schematics Acquired . | . . . . . . . Robots Built . | . . . . . . . Authchips . | . . . . . . . Time . | . . . . . . . Total Robot Build Rating . | . . . . . . . Part Schematics Acquired . | . . . . . . . Parts Built . | . . . . . . . Authchips . | . . . . . . . Time . | . . . . . . . Total Part Build Rating . | . . . . . . . Parts Repaired . | . . . . . . . Time . | . . . . . . . Parts Recycled . | . . . . . . . Recycled Matter . | . . . . . . . Retrieved Matter . | . . . . . . . Retrieved Components . | . . . . . . . Parts Scanalyzed . | . . . . . . . Part Schematics Acquired . | . . . . . . . Parts Damaged . | . . . . . . . Bothacking | -11 -10 -10 -7 -5 -5 -5 ------------ Run | Yrd Mat Sub Scr Fac Was Fac Used RIF Installer . | . . . . . . . Robots Hacked . | . . . . . . . Non-combat . | . . . . . . . Combat . | . . . . . . . Robot Hacks Applied . | . . . . . . . Relay Couplers Released . | . . . . . . . Fabnet Peak Effective % . | . . . . . . . Robots Rewired . | . . . . . . . Allies Hacked . | . . . . . . . Hacks Repelled . | . . . . . . . Allies | -11 -10 -10 -7 -5 -5 -5 -------- Run | Yrd Mat Sub Scr Fac Was Fac Total Allies . | . . . . . . . Largest Group . | . . . . . . . Highest-Rated Group . | . . . . . . . Highest-Rated Ally . | . . . . . . . Total Orders . | . . . . . . . Ally Attacks . | . . . . . . . Total Damage . | . . . . . . . Kills . | . . . . . . . Allies Corrupted . | . . . . . . . Allies Melted . | . . . . . . . Intel | -11 -10 -10 -7 -5 -5 -5 ------- Run | Yrd Mat Sub Scr Fac Was Fac Active Infowar (turns) 357 | 42 184 131 . . . . Seismic 357 | 42 184 131 . . . . Robot Analysis Total . | . . . . . . . Derelict Logs Recovered . | . . . . . . . Drone Launches . | . . . . . . . Drone Recoveries . | . . . . . . . Exploration | -11 -10 -10 -7 -5 -5 -5 ------------- Run | Yrd Mat Sub Scr Fac Was Fac Turns Passed 4109 | 131 184 143 2304 212 169 966 Spaces Moved 2471 | 78 87 128 1579 124 82 393 Core 10 | 10 . . . . . . Treads 50 | 50 . . . . . . Legs 470 | . . . . 52 82 336 Wheels 1884 | 18 87 128 1579 72 . . Hover 57 | . . . . . . 57 Flight . | . . . . . . . Fastest Speed 50 | 50 95 95 95 95 120 52 Average Speed 136 | 134 95 95 143 136 184 120 Slowest Speed 260 | 160 95 95 155 260 190 160 Overloaded Moves . | . . . . . . . Propulsion Burnouts . | . . . . . . . Robots Hopped . | . . . . . . . Potential Cave-ins . | . . . . . . . Cave-ins Triggered . | . . . . . . . Exploration Rate (%) 28 | 7 11 10 86 4 70 9 Regions Visited 6 Branch Regions 2 Pre-discovered Areas . | . . . . . . . Known Exits Taken . | . . . . . . . Unknown Exits Taken 4 | 1 1 1 1 . . . Scrap Searched 2 | . . . 2 . . . Spaces Dug . | . . . . . . . Terrain Destroyed . | . . . . . . . Melee . | . . . . . . . Projectile . | . . . . . . . AOE . | . . . . . . . Terrain Rammed . | . . . . . . . Walls Destroyed . | . . . . . . . Machines Disabled . | . . . . . . . Actions | -11 -10 -10 -7 -5 -5 -5 --------- Run | Yrd Mat Sub Scr Fac Was Fac Total 3091 | 96 189 141 1630 155 92 788 Wait 388 | . 96 8 . 2 . 282 Move 2466 | 77 86 127 1578 124 81 393 Hop . | . . . . . . . Pick Up 44 | 9 3 1 21 3 2 5 Fast Attach 33 | 7 . . 3 4 1 18 Attach 14 | . . . 3 9 . 2 Detach 5 | . . . 3 . . 2 Swap 10 | . 1 1 3 . . 5 Drop 30 | 1 3 1 17 . . 8 Fire 5 | 2 . 3 . . . . Melee 94 | . . . . 13 8 73 Ram . | . . . . . . . Kick . | . . . . . . . Crush . | . . . . . . . Escape Stasis . | . . . . . . . Rewire 2 | . . . 2 . . . Trap . | . . . . . . . Miscellaneous . | . . . . . . . Route ------- -11/Scrapyard -10/Materials -10/Subcaves -7/Scraptown (discovered 2 exits: [*Fac x2]) -5/Factory -5/Waste -5/Factory History --------- Turn | Location | Event 21 | -11/Scrapyard | Discovered new exit (range 16) 132 | -11/Scrapyard | Entered Materials 299 | -10/Materials | Discovered new exit (range 5) 300 | -10/Materials | Build established: Mutant 316 | -10/Materials | Entered Subcaves 317 | -10/Subcaves | Approached by a straggling Scientist 448 | -10/Subcaves | Scientist uncovered a shortcut to Scraptown 459 | -10/Subcaves | Entered Scraptown 910 | -7/Scraptown | Discovered new exit (range 11) 997 | -7/Scraptown | Visited Supply Room 1079 | -7/Scraptown | Visited Shadow of the Wyrm 1137 | -7/Scraptown | Visited Science Testing Area 1175 | -7/Scraptown | Visited IN-MT5's Study 1262 | -7/Scraptown | Visited Cyclists 1295 | -7/Scraptown | Visited Supply Room 1370 | -7/Scraptown | Visited UFD Registry 1370 | -7/Scraptown | Registered with UFD as "Pulsenuts" 1749 | -7/Scraptown | Visited Scrapoid Research Area 1813 | -7/Scraptown | Visited Chapter 10 1875 | -7/Scraptown | Visited Science Guys 1947 | -7/Scraptown | Visited Scrap Suit Storage 2001 | -7/Scraptown | Visited Research Penetration Think Tank 2037 | -7/Scraptown | Visited Abandonware Association 2065 | -7/Scraptown | Learned abandonware demo "ERRANTS.EXE" 2065 | -7/Scraptown | Learned abandonware demo "TRNCOAT.EXE" 2105 | -7/Scraptown | Visited Sword Containment 2145 | -7/Scraptown | Visited Infowarlord's Domain 2210 | -7/Scraptown | Visited Curators Association 2636 | -7/Scraptown | Found Exp. Sensor Array 2697 | -7/Scraptown | Met Optimus 2697 | -7/Scraptown | Accepted into 0bPrime 2757 | -7/Scraptown | Discovered new exit (range 5) 2763 | -7/Scraptown | Entered Factory 2763 | -5/Factory | Evolved 10 slots: Power x2, Propulsion x3, Utility x4, Weapon x1 2903 | -5/Factory | Lost 9 parts (2p4n2u1w) 2975 | -5/Factory | Sucked down chute 2975 | -5/Factory | Entered Waste 2975 | -5/Waste | The area was eerily silent 3095 | -5/Waste | Discovered new exit (range 16) 3144 | -5/Waste | Entered Factory 3167 | -5/Factory | Identified exit to DSF 3209 | -5/Factory | Build established: Scavenger-Mutant 3434 | -5/Factory | Lost 6 parts (2p1n3u) 3619 | -5/Factory | Build established: Mutant 3737 | -5/Factory | Core integrity fell below 50% 3917 | -5/Factory | Lost 6 parts (4p1n1u) 4020 | -5/Factory | Core integrity fell below 20% 4067 | -5/Factory | Lost 3 parts (1p1n1u) 4110 | -5/Factory | Self-destructed Last Messages --------------- 04047_ Sneak attack on K-01 Serf. 04047_ K-01 Serf destroyed. 04049_ K-01 Serf collects debris. 04050_ Acquired 10 matter. 04052_ K-01 Serf collects debris. 04053_ Sneak attack on K-01 Serf. 04053_ Destroyed Wheel. 04053_ K-01 Serf destroyed. 04059_ Acquired Imp. Ion Engine. 04067_ Acquired 20 matter. 04082_ R-10 Processor collects Autogun. 04086_ R-10 Processor collects Wheel. 04089_ R-10 Processor collects Autogun. 04092_ R-10 Processor collects Med. Storage Unit. 04093_ R-10 Processor collects Wheel. 04095_ R-10 Processor collects Com. Wheel. 04097_ Acquired Imp. Heavy Armor Plating. 04098_ R-10 Processor collects Med. Matter Pod. 04105_ K-01 Serf cleans the Assembly Bed. Map ----- +----------------------------------------------------+ | """" #???????????????????????????????????????????? | | #??###??????????????????????????????????????? | | ######### #???#####??????????#???????????????????? | | [[! #???#"""#????????? #???????????????????? | | % [[! #####"T"########## #???????????????????? | | [[ + #???????????????????? | | #### #???????????????????? | | #??# """" #???????????????????? | | #??# """" #???????????????????? | | ###+#######??# """" ###?????????????????? | | # % #???????# """" #???????????????? | | ## #???????# """" %[########+#???????????????? | | #???????# """" ==#%===#???????????????????? | | ## #???????# ! =+%===#???????????????????? | | ?# #???????# #%! #???????????????????? | | ?# #???????# #=%==#???????????????????? | | ?# #???????# #= ! #???????????????????? | | ?# #???????# # #???????????????????? | | ?# %#???????# " " ######???????????????????? | | ?# #???????# " " ###??????????????????????? | | ?# #?????? + ""G"" k #??????????????????????? | | ?# #????? # #??????????????????????? | | ?# #????? ?# ######## #?????????????? | | ?# ????????###+######## #?????????????? | | ?# ???????????????????# u #?????????????? | | ?? ???????????????????#@ ????????? | | ????????????????????????# ????????? | | ????????????????????????# ku """ ????????? | | ????????????????????????# """????????????? | | ????????????????????????k ""?????????????? | | ????????????????????????#### ### o ????????????? | | ???????????????????????????? #?? """s???????????? | | ???????????????????????????? #??? """????????????? | | ???????????????????????????? ????""?????????????? | | ????????????????????????????? ???????????????????? | | ????????????????????????????? #??????????????????? | | ?????????????????????????????##??????????????????? | | ?????????????????????????????????????????????????? | | ?????????????????????????????????????????????????? | | ?????????????????????????????????????????????????? | | ?????????????????????????????????????????????????? | | ?????????????????????????????????????????????????? | | ?????????????????????????????????????????????????? | | ?????????????????????????????????????????????????? | | ?????????????????????????????????????????????????? | | ?????????????????????????????????????????????????? | | ?????????????????????????????????????????????????? | | ?????????????????????????????????????????????????? | | ?????????????????????????????????????????????????? | | ?????????????????????????????????????????????????? | +----------------------------------------------------+ Best States ------------- Heat Dissipation 40 Energy Generation 42 Energy Capacity 545 Matter Stores 300 Matter Capacity 300 Sight Range 16 Terrain Scan Density 10 Power Amplification 20 Armor Coverage 600 Melee Speed Boost 20 Phase Shifting 5 Evasion (%) 75 Recoil Reduction 1 Particle Charging 15 Offensive Hacking 10 Defensive Hacking 10 Item Schematics ----------------- None Robot Schematics ------------------ None Fabricated ------------ Nothing Repaired ---------- Nothing Alien Tech Used ----------------- None Achievements -------------- None Challenges ------------ None Game ------ Seed WeldingGaussGuard Manual? 0 Play Time 00:36:29 Cumulative 55.2 hours Start 2025.09.15 @ 21:58:03 End 2025.09.15 @ 22:37:47 Sessions 1 Manual Loads 0 Difficulty Rogue Special Mode None Game No. 100 Rogue 100 Adventurer 0 Explorer 0 Win Type - Total 0 Types 0/0/0/0/0/0/0/0/0/0 Lore% 46 Gallery% 33 Achievement% 30 Wizard Run 0 Options --------- Layout 2 ASCII 0 Keyboard 1 Movement Arrows Keybinds 0 Fullscreen 2 Font 32/SmallcapsGlow Map View 50x44 Zoom Use 0% Tactical HUD 1 Map Filters NONE Filters NONE Steam 1 RUN: a4d5183d-6cbe-483e-8ca1-790020aff757